 Dungeon Crawl Stone Soup version 0.30.0-7-g0c4daa9e05 (webtiles) character file.

Game seed: 1395033087102412955

1710 Atelerd the Covert (level 9, -8/52 HPs)
             Began as an Octopode Earth Elementalist on May 13, 2023.
             Was an Initiate of Sif Muna.
             Killed from afar by a centaur (19 damage)
             ... with a bolt of dispelling energy
             ... on level 7 of the Dungeon.
             The game lasted 00:10:04 (6927 turns).

Atelerd the Covert (Octopode Earth Elementalist)    Turns: 6927, Time: 00:10:04

Health: -8/52      AC:  1    Str:  7    XL:     9   Next: 3%
Magic:  8/18       EV: 13    Int: 22    God:    Sif Muna [......]
Gold:   17         SH:  0    Dex: 12    Spells: 15/20 levels left

rFire   . . .        q - +0 short sword (protect)
rCold   . . .        (no shield)
rNeg    . . .        (helmet restricted)
rPois   +            (no amulet)
rElec   .            l - ring of poison resistance
rCorr   .            (no ring)
SInv    .            (no ring)
Will    .....        (no ring)
Stlth   +++++        (no ring)
HPRegen 0.28/turn    (no ring)
MPRegen 0.16/turn    (no ring)
                     (no ring)

%: no passive effects
@: no status effects
A: almost no armour, amphibious, 8 rings, camouflage 1, gelatinous body 1,
(nimble swimmer 1), tentacles
a: Renounce Religion


You were on level 7 of the Dungeon.
You worshipped Sif Muna.
Sif Muna was noncommittal.
You visited 2 branches of the dungeon, and saw 8 of its levels.

You collected 315 gold pieces.
You spent 298 gold pieces at shops.

Inventory:

Hand Weapons
 g - a +0 dagger
 q - a +0 short sword of protection (weapon)
Jewellery
 l - a ring of poison resistance (left tentacle)
Wands
 n - a wand of flame (25)
 u - a wand of digging (3)
Scrolls
 b - 2 scrolls of teleportation
 d - 3 scrolls of magic mapping
 f - a scroll of enchant armour
 o - a scroll of noise
 p - 3 scrolls of fear
 t - 2 scrolls of immolation {unknown}
 x - a scroll of torment
 y - a scroll of vulnerability
Potions
 a - a potion of magic
 c - 4 potions of curing
 e - a potion of ambrosia {unknown}
 h - a potion of cancellation {unknown}
 i - 3 potions of lignification {unknown}
 j - 4 potions of brilliance {unknown}
 k - a potion of degeneration
 m - 2 potions of might {unknown}
 v - a potion of flight {unknown}
 w - a potion of invisibility {unknown}
 z - a potion of haste {unknown}


   Skills:
 - Level 0.9 Fighting
 - Level 2.0 Short Blades
 - Level 2.0 Dodging
 * Level 8.4 Stealth
 - Level 0.1 Unarmed Combat
 - Level 6.0 Spellcasting
 - Level 3.0 Transmutations
 - Level 7.0 Earth Magic


You had 15 spell levels left.
You knew the following spells:

 Your Spells              Type           Power      Damage    Failure   Level
a - Sandblast             Erth           74%        2d16      1%          1
p - Petrify               Tmut/Erth      28%        N/A       12%         4

Your spell library contained the following spells:

 Spells                   Type           Power      Damage    Failure   Level
 Passwall                 Tmut/Erth      23%        N/A       1%          2
 Stone Arrow              Conj/Erth      44%        3d9       6%          3
 Lesser Beckoning         Tloc           12%        N/A       14%         2
 Gell's Gravitas          Tloc           6%         N/A       26%         3
 Teleport Other           Tloc           6%         N/A       26%         3
 Statue Form              Tmut/Erth      18%        N/A       87%         6
 Metabolic Englaciation   Hex/Ice        3%         N/A       94%         5


Dungeon Overview and Level Annotations

Branches:
Dungeon (7/15)             Temple (1/1) D:4

Altars:
Cheibriados
Dithmenos
Elyvilon
Gozag
Nemelex Xobeh
Okawaru
Qazlal
Sif Muna
Xom
Yredelemnul
Zin
The Shining One

Shops:
D:2 (!   D:3 (   D:4 =!?:   D:5 (:=**   D:6 ?   D:7 *

Annotations:
D:4 exclusion: 2 downstairs
D:5 exclusion: downstairs
Temple 2 transporters


Innate Abilities, Weirdness & Mutations

You cannot wear most types of armour.
You are amphibious.
You can wear up to eight rings at the same time.
Your skin changes colour to match your surroundings (Stealth+).
Your rubbery body absorbs attacks. (AC +1, EV +1)
((You are camouflaged when in or above water. (Stealth+)))
You have tentacles for arms and can constrict up to eight enemies at once.


Message History

You kill the white imp!
Sif Muna accepts your kill. The phantom attacks as you move away!
The phantom barely misses you.
As you read the scroll of teleportation, it crumbles to dust.
You feel strangely unstable.
The phantom hits you but does no damage.
Found the Verses on the Charnel House and the Lungs.
The orc warrior shoots a bolt.
The bolt hits you! The phantom attacks as you move away!
The phantom barely misses you.
Your surroundings seem slightly different.
The phantom hits you.
* * * LOW HITPOINT WARNING * * *
The phantom blinks!
You blink.
You feel much better. The phantom misses you.
The orc warrior shoots a bolt.
The bolt hits you!
As you read the scroll of teleportation, it crumbles to dust.
You feel strangely unstable. The phantom hits you!
The phantom blinks!
You blink.
Unknown command.
The orc warrior shoots a bolt.
The bolt misses you. The phantom attacks as you move away!
The phantom closely misses you.
A water moccasin and a kobold come into view.
Your surroundings suddenly seem different.
A centaur and a kobold come into view.
The centaur is wielding a +0 falchion and carrying a wand of quicksilver (4).
Found a ring mail.
The water moccasin moves out of view.
The kobold moves out of view.
Unknown command.
Okay, then.
Found a stone staircase leading up.
The centaur shouts!
The centaur unwields a +0 falchion.
The centaur wields a +0 shortbow.
The centaur shoots an arrow.
The arrow hits you!
* * * LOW HITPOINT WARNING * * *
The centaur unwields a +0 shortbow.
The centaur wields a +0 falchion.
The centaur closely misses you. The centaur kicks you.
* * * LOW HITPOINT WARNING * * *
The centaur zaps a wand.
The bolt of dispelling energy hits you!!
You die...

###.#. ....
........ ..#
..##.#.##..#
..........#
..........#
.........##
...[.....#
######..####..
#c@...........
#.............
#.............
................
##..............
#######........
#######..


You could see a centaur.

Vanquished Creatures
  A water moccasin (D:6)
  An ice beast (D:6)
  A sky beast (D:7)
  An ogre (D:5)
  3 phantoms (D:5)
  A bullfrog (D:6)
  A gnoll sergeant (D:5)
  3 scorpions
  A wight (D:6)
  A howler monkey (D:6)
  3 jellies
  4 orc priests
  2 hounds (D:5)
  Jessica (D:3)
  An iguana (D:5)
  2 sleepcaps
  4 orc wizards
  9 gnolls
  7 adders
  2 white imps
  An ufetubus (D:5)
  A worm (D:3)
  A dart slug (D:5)
  19 orcs
  A bat (D:3)
  2 endoplasms (D:1)
  A giant cockroach (D:2)
  5 hobgoblins
  4 kobolds
  6 quokkas
  4 ball pythons
  A frilled lizard (D:3)
  5 goblins
  3 rats
103 creatures vanquished.

Notes
Turn   | Place    | Note
-------+----------+-------------------------------------------
     0 | D:1      | Atelerd the Octopode Earth Elementalist began the quest for
                  | the Orb.
     0 | D:1      | Reached XP level 1. HP: 11/11 MP: 3/3
   578 | D:1      | Reached XP level 2. HP: 17/17 MP: 3/5
   908 | D:2      | Found Bacicwos's Distillery.
   911 | D:2      | Bought a potion of degeneration for 13 gold pieces
   911 | D:2      | Bought a potion of curing for 39 gold pieces
  1097 | D:2      | Reached XP level 3. HP: 21/21 MP: 4/6
  1567 | D:2      | Found Yjaejug's Antique Weapon Shoppe.
  1685 | D:3      | Noticed Jessica
  1690 | D:3      | Killed Jessica
  1691 | D:3      | Reached XP level 4. HP: 27/27 MP: 5/8
  1734 | D:3      | Learned a level 4 spell: Petrify
  2165 | D:3      | Found a snail-covered altar of Cheibriados.
  2201 | D:3      | Reached XP level 5. HP: 9/31 MP: 5/9
  2358 | D:3      | Found Wussif's Weapon Shoppe.
  2575 | D:3      | Found a faded altar of an unknown god.
  3030 | D:4      | Found Semudgh Qoeso's Distillery.
  3032 | D:4      | Found Yzxin's Jewellery Boutique.
  3032 | D:4      | Found Gyfofuomn's Book Boutique.
  3050 | D:4      | Found Gyufuat's Magic Scroll Boutique.
  3053 | D:4      | Bought a potion of heal wounds for 60 gold pieces
  3060 | D:4      | Bought a scroll of identify for 26 gold pieces
  3060 | D:4      | Bought a scroll of identify for 26 gold pieces
  3185 | D:4      | Found a staircase to the Ecumenical Temple.
  3330 | D:4      | Reached skill level 5 in Earth Magic
  3548 | D:5      | Entered Level 5 of the Dungeon
  3553 | D:4      | Reached XP level 6. HP: 31/36 MP: 9/12
  4411 | D:5      | Reached skill level 5 in Spellcasting
  4411 | D:5      | Reached XP level 7. HP: 42/42 MP: 11/14
  4521 | D:5      | Found Onae's General Store.
  4553 | D:5      | Found Saiqot's General Store.
  4561 | D:5      | Bought a scroll of identify for 30 gold pieces
  4938 | D:5      | Found Ledoetz's Jewellery Emporium.
  5166 | D:5      | Reached XP level 8. HP: 47/47 MP: 13/16
  5297 | D:5      | Reached skill level 3 in Stealth
  5375 | D:5      | Found Lofeahan's Book Shop.
  5575 | D:5      | Found Hachoa's Weapon Shop.
  5650 | Temple   | Entered the Ecumenical Temple
  5650 | Temple   | Found a transporter.
  5650 | Temple   | Found a transporter.
  5652 | Temple   | Found a transporter.
  5652 | Temple   | Found a transporter.
  5674 | Temple   | Became a worshipper of Sif Muna the Loreminder
  5739 | D:6      | Found Tuezeniy's Magic Scroll Boutique.
  5832 | D:6      | Reached skill level 1 in Short Blades
  6161 | D:6      | Reached skill level 5 in Stealth
  6497 | D:6      | Reached skill level 6 in Stealth
  6731 | D:6      | Reached skill level 7 in Stealth
  6883 | D:7      | Found Vurrif's Assorted Antiques.
  6887 | D:7      | Bought a scroll labelled LIJESA ISHE for 22 gold pieces
  6887 | D:7      | Bought a scroll labelled GIPNESE ROMAVA for 22 gold pieces
  6887 | D:7      | Bought a scroll labelled HOXIGGOTIEL for 22 gold pieces
  6887 | D:7      | Bought a white potion for 19 gold pieces
  6887 | D:7      | Bought a fuming golden potion for 19 gold pieces
  6901 | D:7      | Reached skill level 8 in Stealth
  6901 | D:7      | Reached XP level 9. HP: 44/52 MP: 12/18
  6927 | D:7      | Killed from afar by a centaur

Illustrated notes

Levels and vault maps discovered:
D:1:      dreamdust_arrival_beginning_and_end, layout_loops_cross,
          nicolae_eternal_life, chequers_big_river
D:2:      layout_loops_ring, serial_shops, nicolae_shop_behind_doors,
          nicolae_shop_back_alley_shop, grunt_decor_clamped, chequers_garden,
          minmay_gold_behind_fungi, kennysheep_generic_room_15
D:3:      layout_loops_corners, mainiacjoe_overflow_boulevard,
          nicolae_ecumenical_pavilion, serial_shops, shop, uniq_jessica
D:4:      layout_cave_pools, minmay_temple_entry_waves, minmay_shop_grid_forest,
          minmay_tree_intersection, grunt_decor_fettered,
          minmay_misc_feat_nine_boxes, minmay_crystal_water
D:5:      layout_loops_corners, serial_shops, nicolae_diamond_shop, shop,
          nicolae_shop_tiny_glass, kennysheep_little_box, nicolae_shop_stone
D:6:      layout_loops_ring, serial_shops, nicolae_shop_hallway_stairs
D:7:      layout_rooms, serial_shops, nicolae_shop_hallway_stairs, uniq_pikel
Temple:   hellmonk_temple_divided_pantheon

Skill      XL: |  1  2  3  4  5  6  7  8 |
---------------+-------------------------+-----
Spellcasting   | 3 4 5 6 |  6.0
Earth Magic    | 4 5 6 7 |  7.0
Stealth        | 8 |  8.4
Transmutations | 3 |  3.0
Short Blades   | 2 |  2.0
Fighting       | |  0.9
Dodging        | |  2.0
Unarmed Combat | |  0.1

Action                     |  1- 3 |  4- 6 |  7- 9 || total
---------------------------+-------+-------+-------++-------
  Melee: Unarmed           |     3 |       |       ||     3
         Tentacles         |     3 |     1 |    13 ||    17
         Constrict         |     1 |     6 |     4 ||    11
         Dagger            |     3 |     6 |       ||     9
         Short sword       |       |     6 |    34 ||    40
   Cast: Sandblast         |    25 |    69 |    87 ||   181
         Petrify           |       |     4 |    13 ||    17
    Use: Scroll            |       |       |    10 ||    10
         Potion            |       |       |     1 ||     1
   Stab: Sleeping          |     1 |     1 |       ||     2
         Petrified         |       |       |    28 ||    28
 Armour: Skin              |     2 |     3 |     4 ||     9
  Dodge: Dodged            |     7 |    27 |    35 ||    69
